 Dungeon Crawl Stone Soup version 0.20.0-6-gd3061e9 (webtiles) character file.

49537 MDvedh the Slicer (level 14, -2/77 HPs)
             Began as a Vine Stalker Assassin on May 28, 2017.
             Was a High Priest of Ashenzari.
             Slain by a dire elephant (13 damage)
             ... on level 6 of the Lair of Beasts.
             The game lasted 00:39:27 (15090 turns).

MDvedh the Slicer (Vine Stalker Assassin)          Turns: 15090, Time: 00:39:28

Health: -2/77      AC: 16    Str: 17    XL:     14   Next: 51%
Magic:  0/18       EV: 13    Int: 13    God:    Ashenzari [*****.]
Gold:   675        SH:  8    Dex: 20    Spells: 13/13 levels left

rFire    + . .     SeeInvis +   O - +4 scimitar (flame) (curse)
rCold    + + .     Gourm    .   p - +2 buckler (curse)
rNeg     . . .     Faith    .   P - +1 chain mail {rC+}
rPois    .         Spirit   +   y - +2 hat
rElec    .         Reflect  .   d - +1 cloak (curse)
rCorr    .         Harm     .   w - +0 pair of gloves
MR       +....     Clarity  +   (no boots)
Stlth    ..........             T - amulet of magic regeneration
Regen    1.1/turn               B - ring of protection from fire (curse)
MPRegen  0.3/turn               I - +2 ring of dexterity (curse)

@: no status effects
A: fangs 3, thin metallic scales 1, clever 1, cold resistance 1, deformed body,
regeneration 2, magic shield, antimagic bite, no potion heal 3, rot immunity
a: End Transfer Knowledge, Curse Item, Scrying, Transfer Knowledge, Renounce
Religion


You were on level 6 of the Lair of Beasts.
You worshipped Ashenzari.
Ashenzari was extremely pleased with you.
You were not hungry.

You visited 2 branches of the dungeon, and saw 17 of its levels.
You also visited: Sewer.

You collected 1122 gold pieces.
You spent 447 gold pieces at shops.

Inventory:

Hand Weapons
 O - a cursed +4 scimitar of flaming (weapon)
Armour
 d - a cursed +1 cloak (worn)
 p - a cursed +2 buckler (worn)
 w - a +0 pair of gloves (worn)
 y - a +2 hat (worn)
 P - a +1 chain mail of cold resistance (worn)
Jewellery
 f - an uncursed ring of wizardry
 v - an uncursed amulet of harm
 B - a cursed ring of protection from fire (left hand)
 H - an uncursed ring of protection from fire
 I - a cursed +2 ring of dexterity (right hand)
 R - a +4 ring of evasion
 T - an amulet of magic regeneration (around neck)
Wands
 a - a wand of lightning (11/15)
 o - a wand of enslavement (17/24)
 z - a wand of disintegration (13/24)
 L - a wand of digging (3/24)
Scrolls
 c - a scroll of remove curse
 h - 2 scrolls of identify
 i - 3 scrolls of magic mapping
 j - 6 scrolls of enchant weapon
 l - 4 scrolls of teleportation
 r - 7 scrolls of enchant armour
 F - 5 scrolls of amnesia
 J - 7 scrolls of recharging
 K - a scroll of fog
 N - 2 scrolls of fear
Potions
 b - 3 potions of magic
 e - a potion of resistance
 m - 2 potions of flight
 q - 2 potions of cancellation
 s - 2 potions of invisibility
 t - a potion of might
 u - 3 potions of brilliance
 x - 4 potions of lignification
 A - 2 potions of agility
 D - 11 potions of curing
 G - 3 potions of haste
Comestibles
 g - 6 bread rations
 k - 5 chunks of flesh
 n - 8 meat rations
 E - 10 fruits
 U - 2 royal jellies


   Skills:
 + Level 10.1 Fighting
   Level 10.7(12.3) Short Blades
 - Level 10.3(15.3) Long Blades
 - Level 1.7 Throwing
 + Level 9.0 Armour
 + Level 8.9 Dodging
 - Level 4.8 Stealth
 - Level 2.7(4.9) Shields
 - Level 4.8(7.4) Evocations


You had 13 spell levels left.
You didn't know any spells.

Dungeon Overview and Level Annotations

Branches:
Dungeon (11/15)            Temple (0/1) D:7            Lair (6/6) D:11
  Swamp (0/4) Lair:4       Spider (0/4) Lair:3        Slime (0/5) Lair:6
    Orc (0/2) D:10

Altars:
Ashenzari
Fedhas
Makhleb
Xom
The Shining One
Jiyva

Shops:
D:6 ?   D:8 %   D:10 %

Annotations:
D:10 Josephine
D:11 exclusion: oklob plant
Lair:1 exclusion: oklob plant


Innate Abilities, Weirdness & Mutations

You have razor-sharp teeth.
You heal very quickly.
When hurt, damage is shared between your health and your magic reserves.
Your bite disrupts and absorbs the magic of your enemies.
Potions cannot restore your health.
You are immune to rotting.
You are partially covered in thin metallic scales. (AC +2)
Your mind is acute. (Int +2)
Your flesh is cold resistant. (rC+)
Armour fits poorly on your strangely shaped body.


Message History

You hit the dire elephant but do no damage.
You bite the dire elephant, but do no damage.
The dire elephant barely misses you. The dire elephant trunk-slaps you.
You hit the dire elephant but do no damage.
You bite the dire elephant, but do no damage.
The dire elephant tramples you!!
You stumble backwards!
You are too injured to fight recklessly!
You are too injured to fight recklessly!
You are too injured to fight recklessly!
The dire elephant tramples you!!
* * * LOW HITPOINT WARNING * * *
You hold your ground!
The dire elephant trunk-slaps you!
* * * LOW HITPOINT WARNING * * *
A spiny frog comes into view.
The spiny frog croaks.
As you read the scroll of fear, it crumbles to dust.
You assume a fearsome visage.
The dire elephant resists with some effort.
The spiny frog looks frightened!
The dire elephant tramples you!
You die...

.###...#.#######.##
.................P#
.................##
.................#
.<............<..##
..................#
.≈.≈.≈..≈........##
≈≈#.≈≈##≈.......Y#
≈≈##≈≈##≈.......@#
≈≈≈ ≈≈P≈≈........##
≈≈≈≈≈≈≈≈..........#
### ≈##≈........##
* ≈≈ ≈ #≈.......F##
* ≈≈≈..........#
≈≈≈ ≈≈.........## ≈
#.≈........## ≈ ≈
##≈.........#


You could see a dire elephant and a spiny frog (fleeing).

Vanquished Creatures
  Gastronok (Lair:3)
  Snorg (Lair:4)
  2 hydras
  16 death yaks
  The ghost of stringdemon the Brawler, a journeyman VSTm of Vehumet (Lair:1)
  A two-headed ogre (D:8)
  An unseen horror (D:11)
  A sea snake (Lair:6)
  A lindwurm (Lair:5)
  Pikel (D:3)
  The ghost of greprep the Protected, a novice MiFi (D:6)
  5 elephants (Lair:2)
  3 black mambas
  A molten gargoyle (Lair:4)
  12 spiny frogs
  5 rime drakes
  5 komodo dragons
  A troll (D:9)
  An efreet (D:9)
  A merfolk (D:11)
  2 jumping spiders (Lair:3)
  2 polar bears
  12 blink frogs
  Prince Ribbit (D:6)
  3 hornets (Lair:4)
  5 dream sheep (Lair:5)
  9 hippogriffs
  12 spriggans (Lair:4)
  18 yaks
  3 basilisks
  2 wyverns
  3 wraiths (D:11)
  2 hungry ghosts (D:10)
  6 swamp worms (Lair:5)
  15 water moccasins
  6 porcupines
  Duvessa (D:7)
  10 orc warriors
  4 sky beasts
  A necrophage (D:7)
  3 ice beasts
  4 black bears
  2 ogres
  3 boggarts (Lair:4)
  4 centaurs
  12 crocodiles
  A big kobold (D:6)
  16 bullfrogs
  Dowan (D:7)
  3 scorpions
  2 troll zombies (D:10)
  2 water moccasin skeletons
  7 wights
  3 howler monkeys
  2 crimson imps
  2 lava snakes (D:9)
  A bullfrog zombie (D:9)
  2 quasits
  13 orc priests
  3 bullfrog skeletons
  6 hounds
  A jelly (D:7)
  11 orc wizards
  6 worker ants
  6 ogre zombies (D:10)
  A hound zombie (D:9)
  A hound skeleton (D:7)
  3 worker ant zombies
  9 adders
  3 gnolls (D:9)
  A shadow imp (D:9)
  An ooze (D:3)
  3 adder skeletons
  A dart slug (D:1)
  16 worms
  3 leopard geckos
  65 orcs
  6 giant cockroaches
  6 goblins
  4 hobgoblins
  5 jackals (D:5)
  8 kobolds
  4 quokkas
  A ball python (D:5)
  11 bats
  3 frilled lizards
  3 goblin zombies (D:10)
  2 hobgoblin skeletons (D:10)
  5 hobgoblin zombies (D:10)
  2 orc skeletons (D:10)
  13 orc zombies
  A quokka skeleton (D:8)
  6 rats
  2 plants (Lair:5)
483 creatures vanquished.

Vanquished Creatures (others)
  A quokka (D:4)
  4 fungi
  6 plants
11 creatures vanquished.

Grand Total: 494 creatures vanquished

Notes
Turn   | Place    | Note
-------+----------+-------------------------------------------
     0 | D:1      | MDvedh the Vine Stalker Assassin began the quest for the Orb.
     0 | D:1      | Reached XP level 1. HP: 11/11 MP: 2/2
   386 | D:1      | Reached XP level 2. HP: 11/15 MP: 1/3
   755 | D:1      | Found a shattered altar of Ashenzari.
   954 | D:1      | Became a worshipper of Ashenzari the Shackled
  1319 | D:2      | Reached XP level 3. HP: 18/18 MP: 4/4
  1515 | D:2      | Found a glowing golden altar of the Shining One.
  1965 | D:3      | Gained mutation: Your natural rate of healing is unusually fast. [Vine Stalker growth]
  1965 | D:3      | Reached XP level 4. HP: 19/23 MP: 5/5
  2331 | D:3      | Reached XP level 5. HP: 21/26 MP: 6/6
  2448 | D:3      | Reached skill level 5 in Short Blades
  2684 | D:4      | Noticed a slave
  2684 | D:4      | Noticed a slave
  2684 | D:4      | Noticed a slave
  2686 | D:4      | Noticed Pikel
  2700 | D:4      | Noticed a slave
  2966 | D:3      | Killed Pikel
  2966 | D:3      | Reached XP level 6. HP: 20/30 MP: 4/7
  2966 | D:3      | Reached XP level 7. HP: 22/34 MP: 4/8
  3300 | D:4      | Reached * piety under Ashenzari
  3814 | D:5      | Entered Level 5 of the Dungeon
  3814 | D:5      | Found a shimmering altar of Xom.
  3977 | D:5      | Gained mutation: You have razor-sharp teeth. [Vine Stalker growth]
  3977 | D:5      | Reached XP level 8. HP: 38/38 MP: 9/9
  4234 | D:6      | Noticed greprep's ghost (novice MiFi)
  4274 | D:6      | Found a glowing drain.
  4289 | Sewer    | Entered a sewer
  4611 | D:6      | Killed greprep's ghost
  4611 | D:6      | Reached skill level 10 in Short Blades
  4663 | D:6      | Reached XP level 9. HP: 39/42 MP: 10/10
  4703 | D:6      | Found Evos Qoji's Magic Scroll Boutique.
  4713 | D:6      | Bought 2 scrolls of teleportation for 78 gold pieces
  4713 | D:6      | Bought a scroll of recharging for 123 gold pieces
  4713 | D:6      | Bought a scroll of remove curse for 39 gold pieces
  4713 | D:6      | Bought a scroll of fog for 26 gold pieces
  4713 | D:6      | Bought a scroll of enchant armour for 97 gold pieces
  4713 | D:6      | Bought a scroll of magic mapping for 45 gold pieces
  4713 | D:6      | Bought a scroll of remove curse for 39 gold pieces
  5221 | D:6      | Reached skill level 1 in Dodging
  5313 | D:7      | Reached skill level 1 in Armour
  5327 | D:7      | Found a staircase to the Ecumenical Temple.
  5470 | D:7      | Identified the cursed +0 dagger of the Hummingbird {freeze, Int+3}
  5585 | D:7      | Noticed Prince Ribbit
  5708 | D:6      | Killed Prince Ribbit
  5990 | D:7      | Reached XP level 10. HP: 49/49 MP: 11/11
  5992 | D:7      | Found a burning altar of Makhleb.
  6012 | D:7      | Noticed Duvessa
  6016 | D:7      | Noticed Dowan
  6022 | D:7      | Killed Duvessa
  6022 | D:7      | Reached skill level 1 in Shields
  6035 | D:7      | Killed Dowan
  6086 | D:8      | Found Sikh's Food Boutique.
  6198 | D:8      | Reached ** piety under Ashenzari
  6234 | D:8      | Noticed a two-headed ogre
  6284 | D:8      | Killed a two-headed ogre
  6577 | D:8      | Reached skill level 5 in Fighting
  7190 | D:9      | Reached skill level 1 in Long Blades
  7369 | D:9      | Reached XP level 11. HP: 56/56 MP: 12/12
  7449 | D:9      | Reached *** piety under Ashenzari
  7622 | D:10     | Entered Level 10 of the Dungeon
  7642 | D:10     | Found Xusaj's Food Boutique.
  7659 | D:10     | Found a staircase to the Orcish Mines.
  7684 | D:10     | Reached skill level 5 in Dodging
  8274 | D:10     | Reached skill level 5 in Armour
  8326 | D:11     | Noticed Josephine
  8565 | D:11     | Noticed an unseen horror
  8588 | D:11     | Killed an unseen horror
  8997 | D:11     | Identified the cursed +1 short sword "Lasuakh" {freeze, Stlth+}
  9096 | D:11     | Found a blossoming altar of Fedhas.
  9110 | D:11     | Noticed an oklob plant
  9161 | D:11     | Reached skill level 5 in Long Blades
  9331 | D:11     | Found a staircase to the Lair.
  9745 | D:11     | Gained mutation: Your flesh is cold resistant. (rC+) [mutagenic meat]
  9746 | D:11     | Gained mutation: You are partially covered in thin metallic scales. (AC +2) [mutagenic meat]
  9747 | D:11     | Gained mutation: Your mind is acute. (Int +2) [mutagenic meat]
  9749 | D:11     | Gained mutation: Armour fits poorly on your strangely shaped body. [mutagenic meat]
 10015 | Lair:1   | Entered Level 1 of the Lair of Beasts
 10340 | Lair:1   | Noticed an oklob plant
 10370 | Lair:1   | Noticed stringdemon's ghost (journeyman VSTm)
 10428 | Lair:1   | Killed stringdemon's ghost
 10836 | Lair:1   | Gained mutation: You heal very quickly. [Vine Stalker growth]
 10836 | Lair:1   | Reached XP level 12. HP: 61/62 MP: 13/13
 11021 | Lair:2   | Reached **** piety under Ashenzari
 11491 | Lair:3   | Noticed a five-headed hydra
 11497 | Lair:3   | Killed a two-headed hydra
 11497 | Lair:3   | Reached skill level 10 in Long Blades
 11604 | Lair:3   | Noticed Gastronok
 11619 | Lair:3   | Killed Gastronok
 11661 | Lair:3   | Reached ***** piety under Ashenzari
 11969 | Lair:3   | Found a hole to the Spider Nest.
 11990 | Lair:3   | Reached skill level 1 in Evocations
 12378 | Lair:4   | Reached XP level 13. HP: 58/67 MP: 12/15
 12412 | Lair:4   | Noticed Snorg
 12424 | Lair:4   | Killed Snorg
 13074 | Lair:4   | Found a staircase to the Swamp.
 13891 | Lair:5   | HP: 3/70 [swamp worm (13)]
 14085 | Lair:5   | Reached XP level 14. HP: 55/75 MP: 18/18
 14567 | Lair:6   | Entered Level 6 of the Lair of Beasts
 14587 | Lair:6   | Found a staircase to the Slime Pits.
 14588 | Lair:6   | Found a viscous altar of Jiyva.
 14954 | Lair:5   | Reached skill level 10 in Fighting
 15046 | Lair:6   | Reduced skill Short Blades to level 10
 15048 | Lair:6   | Noticed a dire elephant
 15090 | Lair:6   | Slain by a dire elephant

Skill      XL: |  1  2  3  4  5  6  7  8  9 10 11 12 13 14 |
---------------+-------------------------------------------+-----
Short Blades   | 2 3 4 7 8 10 11 10 | 10.7
Dodging        | 3 4 5 6 8 |  8.9
Fighting       | 3 5 6 7 9 10 | 10.1
Armour         | 2 4 5 6 8 9 |  9.0
Shields        | 2 |  2.7
Long Blades    | 1 7 10 | 10.3
Evocations     | 1 4 |  4.8
Throwing       | |  1.7
Stealth        | |  4.8

Action                   |  1- 3 |  4- 6 |  7- 9 | 10-12 | 13-15 || total
-------------------------+-------+-------+-------+-------+-------++-------
Melee: Dagger            |   116 |   207 |   324 |       |       ||   647
       Bite              |    37 |    53 |   158 |   326 |   242 ||   816
       Rapier            |       |       |   108 |   193 |       ||   301
       Scimitar          |       |       |       |   592 |   530 ||  1122
Invok: Curse Item        |       |     1 |     4 |     1 |       ||     6
       Transfer Knowledg |       |       |       |       |     1 ||     1
  Use: Scroll            |     2 |     8 |     6 |    12 |     4 ||    32
       Potion            |     1 |       |     2 |     3 |     2 ||     8
  Eat: Chunk             |     3 |     2 |     5 |    11 |     6 ||    27
       Bread ration      |       |       |     1 |     2 |     1 ||     4
       Royal jelly       |       |       |     1 |       |       ||     1
       Meat ration       |       |       |       |     2 |       ||     2
Armor: Robe              |     3 |       |       |       |       ||     3
       Chain mail        |    51 |    83 |   229 |   285 |   133 ||   781
Dodge: Dodged            |    35 |    33 |   124 |   255 |   142 ||   589
Block: Buckler           |       |       |     1 |   222 |   155 ||   378
       Rpst.: Scimitar   |       |       |       |    76 |    35 ||   111
